[Event "Titled Tuesday Blitz April 19 Early 2022"]
[White "Andreikin, Dmitry"]
[Black "Indjic, Aleksandar"]
[WhiteFideId "4158814"]
[BlackFideId "911925"]
[WhiteElo "2736"]
[BlackElo "2616"]
[Result "0-1"]
[Round "11"]
[TimeControl "180+1"]
[Date "2022.04.19"]
[WhiteClock "0:00:01"]
[BlackClock "0:00:10"]

1. d4 Nf6 2. c4 c5 3. Nf3 cxd4 4. Nxd4 e6 5. g3 a6 6. Bg2 Qc7 7. Nd2 Nc6 8. e3 h5 9. b3 h4 10. Bb2 h3 11. Bf3 Ne5 12. Be2 b6 13. f4 Ng6 14. Bf3 Rb8 15. O-O Be7 16. Ne4 b5 17. Rc1 bxc4 18. Rxc4 Qb6 19. Ng5 a5 20. Rc2 Ba6 21. Be2 Nd5 22. Rf3 Bxg5 23. fxg5 Ne5 24. Bxa6 Nxf3+ 25. Qxf3 Qxa6 26. e4 Nb4 27. Rf2 O-O 28. Qh5 Nd3 29. Nf3 Nxb2 30. Ne5 Rbc8 31. Rf1 Rc2 32. Qxh3 Qb6+ 33. Kh1 Qd4 34. Ng4 Qxe4+ 35. Kg1 Nd3 36. Nf6+ gxf6 37. gxf6 Ne5 38. Qh6 Qg2# 0-1


[Site "https://www.chess.com"]

[Event "Titled Tuesday Blitz April 19 Early 2022"]
[White "Aradhya, Garg"]
[Black "Xu, Yi"]
[WhiteFideId "25006746"]
[BlackFideId "8605564"]
[WhiteElo "2169"]
[BlackElo "2471"]
[Result "1-0"]
[Round "11"]
[TimeControl "180+1"]
[Date "2022.04.19"]
[WhiteClock "0:00:18"]
[BlackClock "0:00:04"]

1. d4 Nf6 2. Nf3 d5 3. c4 e6 4. Nc3 Bb4 5. Qa4+ Nc6 6. Bd2 O-O 7. a3 Bxc3 8. Bxc3 Bd7 9. Qc2 dxc4 10. e4 b5 11. Rd1 a5 12. d5 exd5 13. exd5 Ne7 14. Bxf6 gxf6 15. Be2 Bf5 16. Qd2 Ng6 17. O-O Qd6 18. h4 Nf4 19. Rfe1 Nxe2+ 20. Rxe2 Bd3 21. Re3 Qxd5 22. Ne1 Kh8 23. Qc3 Ra6 24. Nxd3 cxd3 25. Qxc7 d2 26. Qc3 Rg8 27. g3 Rd8 28. Re2 Rad6 29. Rexd2 Qxd2 30. Rxd2 Rxd2 31. Qxf6+ Kg8 32. Qg5+ Kh8 33. h5 R2d6 34. h6 Rd1+ 35. Kg2 Rg8 36. Qf6+ Rg7 37. Qxg7# 1-0


[Site "https://www.chess.com"]

[Event "Titled Tuesday Blitz April 19 Early 2022"]
[White "Atakhan, Abtin"]
[Black "Bachmann, Axel"]
[WhiteFideId "22502203"]
[BlackFideId "3700488"]
[WhiteElo "2094"]
[BlackElo "2587"]
[Result "0-1"]
[Round "11"]
[TimeControl "180+1"]
[Date "2022.04.19"]
[WhiteClock "0:00:05"]
[BlackClock "0:00:03"]

1. c4 Nf6 2. g3 g6 3. Bg2 Bg7 4. Nc3 O-O 5. e4 d6 6. Nge2 c5 7. d3 Nc6 8. h3 a6 9. Be3 Nd7 10. O-O Nd4 11. Qd2 Rb8 12. Rae1 b5 13. b3 e6 14. Bh6 Bb7 15. Bxg7 Kxg7 16. Nxd4 cxd4 17. Ne2 e5 18. f4 f5 19. exf5 Bxg2 20. Kxg2 gxf5 21. Ng1 Qb6 22. Nf3 bxc4 23. fxe5 dxe5 24. Nh4 f4 25. bxc4 Qf6 26. Qe2 Kh8 27. Nf3 fxg3 28. Rb1 Rxb1 29. Rxb1 Qf4 30. Rb7 Nc5 31. Rc7 e4 32. dxe4 Qxc7 0-1


[Site "https://www.chess.com"]

[Event "Titled Tuesday Blitz April 19 Early 2022"]
[White "Avramidou, Anastasia"]
[Black "Stelmaszyk, Nico"]
[WhiteFideId "4239873"]
[BlackFideId "16200462"]
[WhiteElo "2183"]
[BlackElo "2119"]
[Result "1-0"]
[Round "11"]
[TimeControl "180+1"]
[Date "2022.04.19"]
[WhiteClock "0:00:24"]
[BlackClock "0:00:08"]

1. f4 d6 2. Nf3 Nc6 3. b3 e5 4. Bb2 e4 5. Ng1 Nf6 6. e3 Be7 7. Nc3 O-O 8. Qe2 d5 9. O-O-O a6 10. h3 d4 11. exd4 Nxd4 12. Qe1 Re8 13. Kb1 b5 14. g4 Bb7 15. Bg2 Nf3 16. Qe2 b4 17. Na4 Nxg1 18. Rhxg1 Bc6 19. g5 Nd5 20. Bxe4 Bxa4 21. bxa4 Bf8 22. Qf3 c6 23. f5 Rb8 24. g6 fxg6 25. fxg6 h6 26. Bd3 Qd6 27. Rg4 Kh8 28. Rh4 Nc3+ 29. Ka1 Be7 30. Rxh6+ gxh6 31. dxc3 Bf6 32. g7+ Kxg7 33. Rg1+ Kf8 34. cxb4 Ke7 35. Re1+ Kd7 36. Qf5+ Kc7 37. Qa5+ Rb6 38. Rxe8 Bxb2+ 39. Kxb2 Qd4+ 40. Kb3 Qd5+ 41. Qxd5 cxd5 42. Re7+ Kd8 43. Rh7 Rf6 44. a3 1-0


[Site "https://www.chess.com"]

[Event "Titled Tuesday Blitz April 19 Early 2022"]
[White "Bach, Ngoc Thuy Duong"]
[Black "Legenia, Artem"]
[WhiteFideId "12408956"]
[BlackFideId "14136945"]
[WhiteElo "1862"]
[BlackElo "1936"]
[Result "1-0"]
[Round "11"]
[TimeControl "180+1"]
[Date "2022.04.19"]
[WhiteClock "0:02:09"]
[BlackClock "0:01:15"]

1. d4 b6 2. c4 Bb7 3. Nc3 Nf6 4. Qc2 e6 5. e4 Bb4 6. Bd3 Bxc3+ 7. bxc3 d6 8. Ne2 h6 9. O-O O-O 10. Ng3 Nc6 11. h3 Ba6 12. Be3 e5 13. a3 Na5 14. Qe2 Qd7 15. Nf5 Rfe8 16. f4 exd4 17. cxd4 Nxe4 18. Qg4 g6 19. Nxh6+ 1-0


[Site "https://www.chess.com"]

[Event "Titled Tuesday Blitz April 19 Early 2022"]
[White "Baches Garcia, Guillermo"]
[Black "Seemann, Jakub"]
[WhiteFideId "2209764"]
[BlackFideId "21874697"]
[WhiteElo "2504"]
[BlackElo "2003"]
[Result "0-1"]
[Round "11"]
[TimeControl "180+1"]
[Date "2022.04.19"]
[WhiteClock "0:00:04"]
[BlackClock "0:00:18"]

1. e4 c6 2. Nc3 d5 3. Nf3 Bg4 4. h3 Bxf3 5. Qxf3 e6 6. Be2 Nd7 7. O-O Bd6 8. d4 Ne7 9. e5 Bc7 10. Qg4 Nf5 11. Bg5 Qb8 12. Bd3 g6 13. Bxf5 gxf5 14. Qh5 Bd8 15. Bh6 Rg8 16. Ne2 Qc7 17. Bf4 Nf8 18. b3 Qe7 19. c4 Ng6 20. cxd5 cxd5 21. Rac1 Qh4 22. Qf3 Nxf4 23. Nxf4 Bg5 24. Nh5 Bxc1 25. Nf6+ Kf8 26. Rxc1 Rg6 27. Rc7 Kg7 28. Nh5+ Kh6 29. Rxf7 Rag8 30. g3 Qe4 31. Nf6 Rxg3+ 32. Qxg3 Rxg3+ 33. fxg3 Qxd4+ 34. Kg2 Qxe5 35. Rxh7+ Kg6 0-1


[Site "https://www.chess.com"]

[Event "Titled Tuesday Blitz April 19 Early 2022"]
[White "Baker, Chris W"]
[Black "Niyazgulova, Marina"]
[WhiteFideId "401676"]
[BlackFideId "24142573"]
[WhiteElo "2224"]
[BlackElo "2046"]
[Result "1/2-1/2"]
[Round "11"]
[TimeControl "180+1"]
[Date "2022.04.19"]
[WhiteClock "0:01:12"]
[BlackClock "0:00:17"]

1. c4 e5 2. Nc3 Nf6 3. Nf3 Nc6 4. g3 d5 5. cxd5 Nxd5 6. Bg2 Nb6 7. O-O Be7 8. d3 O-O 9. Be3 Be6 10. a3 f6 11. b4 Nd5 12. Nxd5 Bxd5 13. Qc2 Rc8 14. Bc5 Re8 15. Rfc1 Bxc5 16. Qxc5 Nd4 17. Nxd4 Bxg2 18. Kxg2 exd4 19. Rc2 c6 20. Qxa7 Qd5+ 21. f3 Rc7 22. Qc5 Qxc5 23. bxc5 Rce7 24. Kf2 Re5 25. Rb1 R8e7 26. Rb4 Rd5 27. Rcb2 Kf7 28. Rxb7 Rxc5 29. Rxe7+ Kxe7 30. Rb4 Ra5 31. Rxd4 Rxa3 32. Rb4 Ra7 33. Ke3 Kd6 34. Rb8 Re7+ 35. Kd2 h6 36. Rd8+ Kc7 37. Rg8 c5 38. e4 Kc6 39. Kc3 Rd7 40. f4 Kb6 41. h4 Kc6 42. h5 Kb6 43. e5 fxe5 44. fxe5 Re7 45. Kc4 Rxe5 46. Rxg7 Rxh5 47. Rg6+ Kc7 48. g4 Rh4 49. Kd5 Rh3 50. Kxc5 Rxd3 51. Rxh6 Rg3 52. Rg6 Kd7 53. Kd5 Ke7 54. Ke5 Kf7 55. Rg5 Re3+ 56. Kf4 Re1 57. Ra5 Kg6 58. Ra6+ Kg7 59. Kg5 Re5+ 60. Kf4 Rb5 61. Ra7+ Kg6 62. Ra6+ Kg7 63. Ra7+ Kg6 64. Ra6+ Kg7 1/2-1/2


[Site "https://www.chess.com"]

[Event "Titled Tuesday Blitz April 19 Early 2022"]
[White "Barbashin, Igor"]
[Black "Agasarov, Benik"]
[WhiteFideId "4155718"]
[BlackFideId "13314823"]
[WhiteElo "2138"]
[BlackElo "2498"]
[Result "0-1"]
[Round "11"]
[TimeControl "180+1"]
[Date "2022.04.19"]
[WhiteClock "0:00:29"]
[BlackClock "0:01:32"]

1. d4 Nf6 2. c4 e6 3. Nc3 Bb4 4. Nf3 d5 5. e3 O-O 6. Bd3 c5 7. O-O Nc6 8. cxd5 exd5 9. dxc5 Bxc5 10. b3 Bg4 11. Bb2 Re8 12. Be2 a6 13. Rc1 Ba7 14. h3 Bh5 15. Nb1 Ne4 16. Nbd2 Qe7 17. Nd4 Bxd4 18. Bxd4 Nxd4 19. Bxh5 Nf5 20. Nxe4 dxe4 21. Bg4 Nh4 22. Qe2 f5 23. g3 fxg4 24. gxh4 gxh3 25. Qg4 Rf8 26. Rc4 Rae8 27. Qxh3 Rf6 28. Kh2 Ref8 29. Qg3 Rf3 30. Qg4 Qe5+ 31. Kg2 Qf6 32. Rxe4 Rxf2+ 33. Rxf2 Qxf2+ 34. Kh1 Qf1+ 35. Kh2 Rf2+ 36. Kg3 Qg2# 0-1


[Site "https://www.chess.com"]

[Event "Titled Tuesday Blitz April 19 Early 2022"]
[White "Belenkaya, Dina"]
[Black "Vokarev, Sergey"]
[WhiteFideId "24142654"]
[BlackFideId "4119711"]
[WhiteElo "2196"]
[BlackElo "2343"]
[Result "0-1"]
[Round "11"]
[TimeControl "180+1"]
[Date "2022.04.19"]
[WhiteClock "0:00:03"]
[BlackClock "0:00:59"]

1. e4 c5 2. Nf3 Nc6 3. Nc3 g6 4. g3 Bg7 5. Bg2 d6 6. O-O e6 7. d3 Nge7 8. Bg5 O-O 9. Qd2 Rb8 10. Bh6 e5 11. Nh4 Nd4 12. Bxg7 Kxg7 13. f4 f6 14. Nd5 Nxd5 15. exd5 b6 16. Rf2 Rb7 17. Raf1 Rbf7 18. c3 Nf5 19. Nf3 Ne7 20. Nh4 Bb7 21. c4 Bc8 22. h3 Nf5 23. Nxf5+ Bxf5 24. g4 Bd7 25. f5 gxf5 26. gxf5 Kh8 27. Bf3 Rg8+ 28. Kh1 Rfg7 29. Bg4 Qf8 30. Qe2 Rg5 31. Bh5 Qh6 32. Bg4 Rxg4 33. Rh2 Rg3 34. Rg1 Rxg1# 0-1


[Site "https://www.chess.com"]

[Event "Titled Tuesday Blitz April 19 Early 2022"]
[White "Belozerov, Andrei"]
[Black "Tanenbaum, Zachary"]
[WhiteFideId "4120213"]
[BlackFideId "2060850"]
[WhiteElo "2587"]
[BlackElo "2714"]
[Result "1-0"]
[Round "11"]
[TimeControl "180+1"]
[Date "2022.04.19"]
[WhiteClock "0:00:13"]
[BlackClock "0:00:05"]

1. e4 e5 2. Nf3 Nc6 3. Bb5 a6 4. Ba4 d6 5. c3 Nf6 6. d4 b5 7. Bb3 Be7 8. O-O Bg4 9. Be3 O-O 10. Nbd2 Re8 11. h3 Bh5 12. Re1 Bf8 13. Qb1 Bg6 14. Nh4 exd4 15. cxd4 Bxe4 16. Nxe4 Rxe4 17. Nf5 g6 18. Ng3 Re8 19. Qc2 Qd7 20. Rac1 Na5 21. Qxc7 Qxc7 22. Rxc7 Nxb3 23. axb3 Nd5 24. Rcc1 Rec8 25. Ne2 Nb4 26. Red1 Bg7 27. Nc3 f5 28. g4 Kf7 29. gxf5 gxf5 30. Bf4 Rd8 31. Ne2 Rac8 32. Rxc8 Rxc8 33. Bxd6 Nd5 34. Bc5 Bf8 35. Rc1 Bh6 36. Ra1 Rc6 37. Nc3 Nf4 38. b4 Nxh3+ 39. Kh2 Nxf2 40. d5 Ng4+ 41. Kg3 Rg6 42. Kf3 Ne5+ 43. Ke2 Rg2+ 44. Kf1 Rxb2 45. Rxa6 Bd2 46. Nxb5 Bxb4 47. Nd6+ Kg7 48. Nxf5+ Kf7 49. Nh6+ Kg7 50. Bd4 Rb1+ 51. Ke2 Re1+ 52. Kf2 Re4 53. Nf5+ Kg8 54. Re6 Rf4+ 55. Ke3 Rxf5 56. Ke4 Rh5 57. Bxe5 Rh4+ 58. Kf5 Kf7 59. Rf6+ Ke7 60. Rb6 Rh5+ 61. Ke4 Rh4+ 62. Kd3 Bc5 63. Rb7+ Ke8 64. d6 Rh3+ 65. Kc4 Bxd6 66. Bxd6 Re3 67. Kd5 Re1 68. Be5 Kf8 69. Ke6 Rxe5+ 70. Kxe5 Kg8 71. Kf6 h5 72. Rg7+ Kh8 73. Kg6 h4 74. Ra7 h3 75. Ra8# 1-0


[Site "https://www.chess.com"]

[Event "Titled Tuesday Blitz April 19 Early 2022"]
[White "Bortnyk, Olexandr"]
[Black "Svane, Rasmus"]
[WhiteFideId "14120828"]
[BlackFideId "4657101"]
[WhiteElo "2723"]
[BlackElo "2645"]
[Result "0-1"]
[Round "11"]
[TimeControl "180+1"]
[Date "2022.04.19"]
[WhiteClock "0:00:06"]
[BlackClock "0:00:05"]

1. d4 Nf6 2. Nc3 d5 3. Bf4 c5 4. e4 dxe4 5. d5 g6 6. Nge2 Bg7 7. Ng3 O-O 8. Qd2 Qa5 9. Bc4 Rd8 10. O-O Qb4 11. Qe2 Bg4 12. f3 exf3 13. gxf3 Bh3 14. Rfe1 Nbd7 15. Bc7 Nb6 16. Bxd8 Rxd8 17. Bd3 Qxb2 18. Qxe7 Re8 19. Qxc5 Rc8 20. Rab1 Rxc5 21. Rxb2 Rxc3 22. d6 Bf8 23. Ne2 Rc8 24. a4 Bxd6 25. a5 Bc5+ 26. Kh1 Nbd5 27. Rxb7 Nh5 28. Bc4 Ne3 29. Bxf7+ Kh8 30. Rg1 Rf8 31. Rg5 Bf5 32. c3 Nd1 33. Nd4 Nf2+ 34. Kg2 Nd1 35. Nxf5 Nf4+ 36. Kg3 Ne2+ 37. Kh4 gxf5 38. Rxf5 Bf2+ 39. Kh5 Ne3 40. Rf6 Kg7 41. Kg5 Bh4+ 42. Kxh4 Kxf6 43. Bh5 Nf5+ 44. Kh3 Nf4+ 45. Kg4 Nxh5 46. Kxh5 Ng7+ 47. Kg4 a6 48. Rb6+ Ne6 49. Rxa6 Rc8 50. f4 Rc4 51. Kf3 Kf5 52. Ke3 Rxc3+ 53. Kd2 Rh3 54. Ra7 Rxh2+ 55. Kc3 h5 56. Rf7+ Kg6 57. Rd7 Nxf4 58. a6 Ra2 59. a7 h4 60. Kb3 Ra1 61. Rd4 Rxa7 62. Rxf4 Kg5 63. Rf1 Rc7 64. Rg1+ Kf4 65. Rh1 Kg3 66. Rg1+ Kf3 67. Rh1 Rh7 68. Kc3 h3 69. Kd4 h2 70. Ra1 h1=Q 71. Rxh1 Rxh1 0-1


[Site "https://www.chess.com"]

[Event "Titled Tuesday Blitz April 19 Early 2022"]
[White "Brodowski, Piotr"]
[Black "Okike, David"]
[WhiteFideId "1124480"]
[BlackFideId "8500134"]
[WhiteElo "2422"]
[BlackElo "2232"]
[Result "1/2-1/2"]
[Round "11"]
[TimeControl "180+1"]
[Date "2022.04.19"]
[WhiteClock "0:00:25"]
[BlackClock "0:00:26"]

1. e4 c5 2. Nf3 Nc6 3. Bb5 g6 4. Bxc6 bxc6 5. h3 Bg7 6. O-O d6 7. Re1 e5 8. c3 Ne7 9. d4 cxd4 10. cxd4 O-O 11. Nc3 Be6 12. dxe5 dxe5 13. Be3 h6 14. Qa4 Qc8 15. Rac1 Re8 16. Red1 f5 17. exf5 gxf5 18. Rd6 f4 19. Bc5 Kf7 20. Re1 Ng6 21. Ne4 Kg8 22. Qc2 Bf5 23. Rxg6 Bxg6 24. Nf6+ Kf7 25. Nxe8 Bxc2 26. Nd6+ Ke6 27. Nxc8 Rxc8 28. Bxa7 e4 29. Nd4+ Bxd4 30. Bxd4 Kd5 31. Bc3 c5 32. Bd2 Rf8 33. Rc1 Bd3 34. Kh2 c4 35. b3 Ra8 36. bxc4+ Bxc4 37. Bxf4 Rxa2 38. Be3 Ra6 39. Rd1+ Bd3 40. Rc1 Bc4 41. Rb1 h5 42. Rb8 Be2 43. Rg8 Re6 44. Kg3 Ke5 45. Kh4 Kf6 46. Rg5 Ra6 47. Rxh5 Bxh5 48. Kxh5 Ra1 49. g4 Rg1 50. h4 Kg7 51. Kg5 Rb1 52. Kf5 Rb4 53. h5 Kf7 54. g5 Rb5+ 55. Kxe4 Ke6 56. Kf3 Kf5 57. Kg3 Rb4 58. f3 Rb3 59. Bc1 Rb1 60. Bf4 Rg1+ 61. Kf2 Rh1 62. g6 Kxf4 63. g7 Rh2+ 64. Kg1 Rxh5 65. g8=Q Rg5+ 66. Qxg5+ Kxg5 67. Kf2 Kf4 68. Kg2 Kf5 69. Kg3 Kg5 70. f4+ Kf5 71. Kf3 Kf6 72. Kg4 Kg6 73. f5+ Kf6 74. Kf4 Kf7 75. Kg5 Kg7 76. f6+ Kf7 77. Kf5 Kf8 78. Ke6 Ke8 79. f7+ Kf8 80. Kf6 1/2-1/2


[Site "https://www.chess.com"]

[Event "Titled Tuesday Blitz April 19 Early 2022"]
[White "Buscar, Michael"]
[Black "Ezat, Mohamed"]
[WhiteFideId "2603616"]
[BlackFideId "10600906"]
[WhiteElo "2010"]
[BlackElo "2386"]
[Result "1/2-1/2"]
[Round "11"]
[TimeControl "180+1"]
[Date "2022.04.19"]
[WhiteClock "0:01:13"]
[BlackClock "0:00:13"]

1. Nf3 d5 2. g3 Nc6 3. Bg2 e5 4. d3 Nf6 5. O-O h6 6. Nbd2 Be7 7. e4 O-O 8. c3 a5 9. a4 b6 10. Re1 dxe4 11. dxe4 Ba6 12. Bf1 Bxf1 13. Kxf1 Qd3+ 14. Qe2 Rfd8 15. Nc4 Qd7 16. Ncxe5 Qh3+ 17. Kg1 Nxe5 18. Nxe5 Bd6 19. Nc6 Ng4 20. f3 Bc5+ 21. Nd4 Rxd4 22. cxd4 Bxd4+ 23. Kh1 Nf2+ 24. Kg1 Ng4+ 25. Kh1 Nf2+ 26. Kg1 Nd1+ 27. Kh1 Nf2+ 1/2-1/2


[Site "https://www.chess.com"]

[Event "Titled Tuesday Blitz April 19 Early 2022"]
[White "Chandratreya, Prachiti"]
[Black "Przybylski, Wojciech"]
[WhiteFideId "46611215"]
[BlackFideId "1117599"]
[WhiteElo "1737"]
[BlackElo "2133"]
[Result "0-1"]
[Round "11"]
[TimeControl "180+1"]
[Date "2022.04.19"]
[WhiteClock "0:01:08"]
[BlackClock "0:00:12"]

1. e4 c5 2. c3 Nf6 3. e5 Nd5 4. Nf3 e6 5. Bc4 d6 6. exd6 Bxd6 7. O-O O-O 8. d4 cxd4 9. cxd4 Nc6 10. Nc3 Bb8 11. Bb3 h6 12. Re1 Nxc3 13. bxc3 Ne7 14. Ba3 Re8 15. Rc1 Bd7 16. Qe2 Bc6 17. Ne5 Nd5 18. Nxc6 bxc6 19. g3 Bd6 20. Bb2 Nf6 21. c4 a5 22. Qc2 Qd7 23. Ba4 Bb4 24. Red1 Bf8 25. d5 Rac8 26. Bxc6 Rxc6 27. dxc6 Qxc6 28. Bxf6 gxf6 29. Qc3 f5 30. Qxa5 Ra8 31. Qd2 Kg7 32. Rc2 Be7 33. Qe2 Bf6 34. h4 Ra3 35. Rd3 Ra4 36. c5 Ra5 37. Qf3 Qb5 38. c6 Ra8 39. c7 Rc8 40. Rdc3 Qb1+ 41. Rc1 Qb6 42. Rc6 Qb7 43. a4 Rxc7 44. a5 Rd7 45. a6 Qa7 46. Kg2 Rd2 47. R1c2 Rxc2 48. Rxc2 Qxa6 49. Rc7 Qa2 50. Qb7 e5 51. Qf3 Qe6 52. Rc6 e4 53. Rxe6 exf3+ 54. Kxf3 fxe6 55. Kf4 h5 56. f3 Kg6 57. g4 Bxh4 58. gxh5+ Kxh5 59. Ke5 Bg3+ 60. Kxe6 Kg5 61. Kf7 Kf4 62. Kg6 Bh4 63. Kh5 Be7 64. Kg6 Bd8 65. Kh5 Kxf3 66. Kg6 Kg4 67. Kf7 f4 68. Ke6 f3 69. Kd7 f2 70. Kxd8 f1=Q 71. Kd7 Qd3+ 72. Kc8 Qh7 73. Kb8 Kf5 74. Kc8 Ke4 75. Kb8 Kd5 76. Ka8 Kc6 77. Kb8 Qb7# 0-1


[Site "https://www.chess.com"]

[Event "Titled Tuesday Blitz April 19 Early 2022"]
[White "Chernobay, Artem"]
[Black "Jegorovas, Aleksandras"]
[WhiteFideId "4167406"]
[BlackFideId "12801950"]
[WhiteElo "2473"]
[BlackElo "2247"]
[Result "1-0"]
[Round "11"]
[TimeControl "180+1"]
[Date "2022.04.19"]
[WhiteClock "0:00:56"]
[BlackClock "0:00:37"]

1. e4 e6 2. d4 d5 3. Nc3 Bb4 4. Ne2 Nc6 5. a3 Ba5 6. e5 Nge7 7. Nf4 Nf5 8. Bb5 Bd7 9. Bxc6 Bxc6 10. O-O Bb6 11. Nce2 Bb5 12. a4 Bxe2 13. Nxe2 c5 14. c3 cxd4 15. cxd4 Qh4 16. a5 Bxd4 17. Ra4 Bxf2+ 18. Rxf2 Qe7 19. b3 Rc8 20. Ba3 Qg5 21. Raf4 f6 22. Rxf5 exf5 23. Qxd5 Rc6 24. e6 Rc7 25. Qd6 1-0


[Site "https://www.chess.com"]

[Event "Titled Tuesday Blitz April 19 Early 2022"]
[White "Chernomordik, Pavel"]
[Black "Meekins, Kristopher C"]
[WhiteFideId "2804530"]
[BlackFideId "2005964"]
[WhiteElo "2220"]
[BlackElo "2311"]
[Result "1-0"]
[Round "11"]
[TimeControl "180+1"]
[Date "2022.04.19"]
[WhiteClock "0:01:57"]
[BlackClock "0:02:06"]

1. e4 c5 2. Nc3 a6 3. g3 e6 4. Bg2 Nc6 5. d3 Nf6 6. f4 d5 7. e5 Nd7 8. Nf3 Be7 9. O-O O-O 10. Qe2 b5 11. Nd1 b4 12. Nf2 a5 13. g4 Ba6 14. f5 d4 15. Bf4 c4 16. Ne4 Nc5 17. Nxc5 Bxc5 18. Ng5 Qd7 19. Qe4 1-0


[Site "https://www.chess.com"]

[Event "Titled Tuesday Blitz April 19 Early 2022"]
[White "Constantinou, Peter"]
[Black "Jaferian, Koosha"]
[WhiteFideId "413038"]
[BlackFideId "12507440"]
[WhiteElo "2230"]
[BlackElo "2030"]
[Result "0-1"]
[Round "11"]
[TimeControl "180+1"]
[Date "2022.04.19"]
[WhiteClock "0:00:54"]
[BlackClock "0:00:35"]

1. b3 d5 2. Bb2 Bf5 3. d3 Nf6 4. g3 e6 5. Bg2 h6 6. Nd2 Bh7 7. e4 c6 8. Nh3 a5 9. a3 Nbd7 10. O-O Be7 11. Qe2 O-O 12. f4 dxe4 13. dxe4 Qb6+ 14. Kh1 a4 15. e5 Nd5 16. b4 Ne3 17. Nc4 Qb5 18. Qxe3 Qxc4 19. Rac1 Rfd8 20. Nf2 Nf8 21. Be4 Bxe4+ 22. Qxe4 Qa6 23. Nd3 Rd7 24. f5 Bg5 25. Rce1 exf5 26. Qxf5 Ne6 27. h4 Bd8 28. Rf3 Qc4 29. Re2 Bb6 30. Qe4 Qxe4 31. Rxe4 Rad8 32. Kg2 Bd4 33. Bxd4 Nxd4 34. Rf2 Nxc2 35. Rxc2 Rxd3 36. e6 fxe6 37. Rxe6 Rxa3 38. Re7 Rdd3 39. Rxb7 Rxg3+ 40. Kf2 Raf3+ 41. Ke2 Rg2+ 42. Kxf3 Rxc2 43. Ra7 Rc3+ 44. Ke2 a3 45. Kd2 Rh3 46. Rxa3 Rxa3 0-1


[Site "https://www.chess.com"]

[Event "Titled Tuesday Blitz April 19 Early 2022"]
[White "Cunha, Lucas Aguiar"]
[Black "Buchenau, Frank"]
[WhiteFideId "2125404"]
[BlackFideId "4604350"]
[WhiteElo "2361"]
[BlackElo "2193"]
[Result "0-1"]
[Round "11"]
[TimeControl "180+1"]
[Date "2022.04.19"]
[WhiteClock "0:01:32"]
[BlackClock "0:00:09"]

1. e4 e6 2. d4 d5 3. Nd2 Nf6 4. e5 Nfd7 5. Bd3 c5 6. c3 b6 7. Qe2 cxd4 8. cxd4 Nc6 9. Ndf3 Nb4 10. Bb5 a6 11. Ba4 a5 12. Bb5 Ba6 13. Bxa6 Nxa6 14. Nh3 Be7 15. Nhg5 h6 16. Nh3 g5 17. Nhg1 g4 18. Nd2 Nb4 19. Kd1 Qc7 20. Nf1 Rc8 21. Ne3 Bg5 22. a3 Bxe3 23. fxe3 Nc6 24. Bd2 h5 25. Qd3 Ne7 26. Ne2 Qc4 27. Qxc4 Rxc4 28. Nc3 f6 29. Nb5 O-O 30. exf6 Nxf6 31. Nc3 Ne4 32. Nxe4 dxe4 33. Ke2 Rc2 34. Rab1 Nd5 35. Rhc1 Rfc8 36. Kd1 Rxc1+ 37. Rxc1 Rxc1+ 38. Kxc1 Kf7 39. Kc2 Ke7 40. Kb3 Kd7 41. Kc4 Kc6 42. a4 Ne7 43. b4 axb4 44. Bxb4 Nf5 45. Bd2 Nh4 46. g3 Nf3 47. Bc1 Nxh2 48. Bd2 Nf1 0-1


[Site "https://www.chess.com"]

[Event "Titled Tuesday Blitz April 19 Early 2022"]
[White "Dahlgren, James Allen"]
[Black "Smietanska, Wiktoria"]
[WhiteFideId "22256873"]
[BlackFideId "21869359"]
[WhiteElo "2101"]
[BlackElo "1893"]
[Result "0-1"]
[Round "11"]
[TimeControl "180+1"]
[Date "2022.04.19"]
[WhiteClock "0:01:03"]
[BlackClock "0:02:16"]

1. d3 d5 2. f4 c5 3. Nf3 Nc6 4. Nbd2 Nf6 5. e4 dxe4 6. dxe4 e6 7. Bd3 Be7 8. O-O O-O 9. h3 a6 10. a4 Rb8 11. Qe2 Nd4 12. Nxd4 Qxd4+ 13. Kh2 Bd7 14. Nf3 Qb4 15. c3 Qb6 16. Be3 Qc7 17. Bc2 Bc6 18. e5 Nd5 19. Rad1 b5 20. axb5 Bxb5 21. c4 Bxc4 22. Qxc4 Nxe3 23. Bxh7+ Kh8 24. Qe4 Nxf1+ 25. Rxf1 Rxb2 26. Ng5 Bxg5 27. fxg5 Rb4 28. Qc2 Qxe5+ 0-1


[Site "https://www.chess.com"]

[Event "Titled Tuesday Blitz April 19 Early 2022"]
[White "Dang, Hoang Son"]
[Black "Shipov, Sergei"]
[WhiteFideId "12402435"]
[BlackFideId "4113624"]
[WhiteElo "2252"]
[BlackElo "2766"]
[Result "0-1"]
[Round "11"]
[TimeControl "180+1"]
[Date "2022.04.19"]
[WhiteClock "0:00:04"]
[BlackClock "0:01:22"]

1. d4 d5 2. Bf4 Nf6 3. e3 c5 4. c3 Nc6 5. Nf3 e6 6. Nbd2 Nh5 7. Bg5 f6 8. Bh4 g6 9. Bg3 Be7 10. Bd3 O-O 11. Qc2 Bd7 12. h4 c4 13. Be2 Nxg3 14. fxg3 Qc7 15. Nf1 e5 16. h5 e4 17. hxg6 hxg6 18. N3d2 b5 19. b3 f5 20. a4 a6 21. g4 Kg7 22. b4 f4 23. O-O-O Bg5 24. exf4 Qxf4 25. a5 Qf2 26. Kb1 Qxe2 27. Ng3 Qd3 28. Ndxe4 dxe4 29. Rxd3 exd3 30. Qd1 Rae8 31. Re1 Bxg4 32. Qxg4 Rxe1+ 33. Kb2 Rf2+ 0-1


[Site "https://www.chess.com"]

[Event "Titled Tuesday Blitz April 19 Early 2022"]
[White "De Souza, Cristiano Gomes"]
[Black "Moskvin, Anatoly"]
[WhiteFideId "2151758"]
[BlackFideId "24199990"]
[WhiteElo "2068"]
[BlackElo "2079"]
[Result "1-0"]
[Round "11"]
[TimeControl "180+1"]
[Date "2022.04.19"]
[WhiteClock "0:00:07"]
[BlackClock "0:00:01"]

1. d4 d5 2. c4 e5 3. dxe5 d4 4. Nf3 Nc6 5. a3 f6 6. exf6 Nxf6 7. g3 Be6 8. Nbd2 Qd7 9. Bg2 O-O-O 10. Qa4 Bh3 11. Bxh3 Qxh3 12. b4 Re8 13. b5 d3 14. bxc6 Rxe2+ 15. Kd1 Ng4 16. cxb7+ Kb8 17. Bb2 Nxf2+ 18. Kc1 Nxh1 19. Bd4 c5 20. Ne5 cxd4 21. Nc6+ Kxb7 22. Rb1+ Kc7 23. Qxa7+ Kd6 24. Qxd4+ Ke6 25. Qd5+ Kf6 26. Rb6 Bxa3+ 27. Kb1 Re1+ 28. Ka2 Ra8 29. Na5+ Bd6 30. Rxd6+ Ke7 31. Qxa8 Kxd6 32. Qd5+ Ke7 33. Nc6+ Kf6 34. Qd4+ Kg6 35. Qxd3+ Qf5 36. Qd6+ Re6 37. Qd5 Qc2+ 38. Ka3 Re3+ 39. Kb4 Qb2+ 40. Kc5 Nf2 41. Qd6+ Kg5 42. Qd5+ Kg4 43. Qd4+ Qxd4+ 44. Nxd4 Nd3+ 45. Kd5 Re5+ 46. Kd6 Rc5 47. Ne4 Rxc4 48. Kd5 1-0


[Site "https://www.chess.com"]

[Event "Titled Tuesday Blitz April 19 Early 2022"]
[White "Demin, Vladimir"]
[Black "Alinasab, Mobina"]
[WhiteFideId "4167457"]
[BlackFideId "12528897"]
[WhiteElo "2388"]
[BlackElo "2031"]
[Result "0-1"]
[Round "11"]
[TimeControl "180+1"]
[Date "2022.04.19"]
[WhiteClock "0:00:01"]
[BlackClock "0:00:01"]

1. d4 Nf6 2. g4 Nxg4 3. e4 Nf6 4. e5 Ng8 5. c4 d6 6. exd6 exd6 7. Nc3 Nf6 8. Be3 Be7 9. Nf3 Bg4 10. Rg1 h5 11. h3 Bxf3 12. Qxf3 g6 13. Bd3 c6 14. O-O-O d5 15. Bf4 Nbd7 16. Kb1 dxc4 17. Bxc4 Nb6 18. Bb3 Nbd5 19. Be5 Rg8 20. Rde1 Kf8 21. Ne4 Nxe4 22. Rxe4 Bf6 23. Rf4 Nxf4 24. Qxf4 Kg7 25. Rg5 Bxe5 26. Qxf7+ Kh6 27. Rxe5 Qxd4 28. Qf6 Qd3+ 29. Kc1 Raf8 30. Qg5+ Kh7 31. Bxg8+ Kxg8 32. Re3 Qc4+ 0-1


[Site "https://www.chess.com"]